 Dungeon Crawl Stone Soup version 0.23.1-37-gaa34b87b72 (webtiles) character file.

Game seed: 11700196248013049155

131 Elpenore the Sneak (level 5, -1/31 HPs)
             Began as an Octopode Enchanter on Mar 25, 2019.
             Slain by an adder (4 damage)
             ... on level 3 of the Dungeon on Mar 26, 2019.
             The game lasted 00:27:27 (3167 turns).

Elpenore the Sneak (Octopode Enchanter)             Turns: 3167, Time: 00:27:27

Health: -1/31      AC:  1    Str:  7    XL:     5   Next: 14%
Magic:  6/9        EV: 14    Int: 17    God:
Gold:   136        SH:  0    Dex: 14    Spells: 6/9 levels left

rFire    . . .     SeeInvis .   a - +1 dagger
rCold    . . .     Gourm    .   (no shield)
rNeg     . . .     Faith    .   (helmet restricted)
rPois    .         Spirit   .   (no amulet)
rElec    .         Reflect  .   (no ring)
rCorr    .         Harm     .   (no ring)
MR       .....                  (no ring)
Stlth    ++++......             (no ring)
HPRegen  0.10/turn              (no ring)
MPRegen  0.11/turn              (no ring)
                                (no ring)
                                (no ring)

@: lethally poisoned (-1 -> -4), very slightly contaminated
A: almost no armour, stealthy swim, amphibious, 8 rings, constrict 8, camouflage
1, gelatinous body 1
a: no special abilities


You were on level 3 of the Dungeon.
You were not hungry.

You visited 1 branch of the dungeon, and saw 3 of its levels.

You collected 136 gold pieces.

Inventory:

Hand Weapons
 a - a +1 dagger (weapon)
Missiles
 m - 16 bolts
Scrolls
 b - a scroll of noise {unknown}
 d - a scroll of magic mapping {unknown}
 e - 4 scrolls of identify {unknown}
 g - 2 scrolls of remove curse {unknown}
 h - a scroll of enchant weapon {unknown}
 i - 2 scrolls of amnesia {unknown}
 j - a scroll of immolation {unknown}
 n - a scroll of fear {unknown}
Potions
 f - a potion of brilliance {unknown}
 k - a potion of magic {unknown}
Comestibles
 c - 4 rations


   Skills:
 + Level 2.1 Short Blades
 + Level 2.7 Dodging
 + Level 4.9 Stealth
 + Level 2.7 Spellcasting
 + Level 3.5 Hexes
 + Level 1.0 Ice Magic


You had 6 spell levels left.
You knew the following spells:

 Your Spells              Type           Power        Failure   Level  Hunger
a - Corona                Hex            ##.....      4%          1    #......
b - Ensorcelled Hibernat  Hex/Ice        ##....       11%         2    ##.....

Your spell library contained the following spells:

 Spells                   Type           Power        Failure   Level  Hunger
 Confuse                  Hex            ##......     12%         3    ###....
 Tukima's Dance           Hex            ##......     12%         3    ###....
 Dazzling Spray           Conj/Hex       #.....       26%         3    ###....


Dungeon Overview and Level Annotations

Branches:
Dungeon (3/15)

Altars:
Cheibriados
Fedhas
Qazlal
Wu Jian


Innate Abilities, Weirdness & Mutations

You cannot wear most types of armour.
You are very stealthy in the water. (Stealth+)
You are amphibious.
You can wear up to eight rings at the same time.
You can use your tentacles to constrict eight enemies at once.
Your skin changes colour to match your surroundings (Stealth+).
Your rubbery body absorbs attacks. (AC +1, EV +1)


Message History

The frilled lizard bites you.
* * * LOW HITPOINT WARNING * * *
The ooze barely misses you.
Unknown command.
You hit the ooze.
The ooze is almost dead.
The adder closely misses you. The orc hits you but does no damage.
The frilled lizard misses you. The ooze hits you.
* * * LOW HITPOINT WARNING * * *
You hit the ooze.
You kill the ooze!
The adder bites you.
* * * LOW HITPOINT WARNING * * *
You are poisoned.
The adder poisons you! The orc hits you with a +0 flail.
* * * LOW HITPOINT WARNING * * *
The frilled lizard bites you.
* * * LOW HITPOINT WARNING * * *
The adder bites you.
You die...

########## ..........#
..........# ..........#
..........###
.......$....#
............#
.......S....# ...#
.......@..÷.# ....#
......l.o...# ...#
............# ###..#
............####.≈o≈##
................≈S≈≈o##
............##..≈≈.o≈_#
........(...# #.≈§≈≈≈##
............# ##.≈≈≈..#
............# ######.#


You could see an adder, an orc and a frilled lizard.

Vanquished Creatures
  An orc priest (D:3)
  5 adders
  2 oozes
  A worm (D:2)
  2 dart slugs
  2 leopard geckos (D:2)
  3 orcs (D:3)
  A bat (D:1)
  2 giant cockroaches (D:2)
  2 goblins
  5 hobgoblins
  5 kobolds
  A quokka (D:2)
  A frilled lizard (D:1)
  7 rats
40 creatures vanquished.

Vanquished Creatures (others)
  An orc (D:3)
1 creature vanquished.

Grand Total: 41 creatures vanquished

Notes
Turn   | Place    | Note
-------+----------+-------------------------------------------
     0 | D:1      | Elpenore the Octopode Enchanter began the quest for the
                  | Orb.
     0 | D:1      | Reached XP level 1. HP: 11/11 MP: 3/3
   307 | D:1      | Reached XP level 2. HP: 6/17 MP: 5/5
  1442 | D:2      | Learned a level 2 spell: Ensorcelled Hibernation
  1487 | D:2      | Reached XP level 3. HP: 21/21 MP: 6/6
  1738 | D:2      | Found a blossoming altar of Fedhas.
  2108 | D:2      | Found an ornate altar of the Wu Jian Council.
  2617 | D:3      | Reached XP level 4. HP: 27/27 MP: 7/7
  2626 | D:3      | Found a stormy altar of Qazlal.
  2845 | D:3      | Reached skill level 2 in Short Blades
  3103 | D:3      | Found a snail-covered altar of Cheibriados.
  3109 | D:3      | Reached skill level 1 in Ice Magic
  3109 | D:3      | Reached XP level 5. HP: 30/31 MP: 8/8
  3167 | D:3      | HP: 3/31 [frilled lizard (2)]
  3167 | D:3      | Slain by an adder

Skill      XL: |  1  2  3  4 |
---------------+-------------+-----
Short Blades   | 2 |  2.1
Ice Magic      | 1 |  1.0
Dodging        | |  2.7
Stealth        | |  4.9
Spellcasting   | |  2.7
Hexes          | |  3.5

Action                   |  1- 3 |  4- 6 || total
-------------------------+-------+-------++-------
Melee: Dagger            |    59 |    38 ||    97
       Constrict         |    11 |     7 ||    18
       Tentacles         |     6 |     9 ||    15
 Cast: Ensorcelled Hiber |       |     4 ||     4
 Stab: Sleeping          |    16 |     4 ||    20
  Eat: Chunk             |     1 |     3 ||     4
       Ration            |     1 |       ||     1
Armor: Skin              |     2 |     3 ||     5
Dodge: Dodged            |    21 |    25 ||    46
